cohdb
Replays
Latest Replays
All Replays
Popular Replays
Top Player Replays
Match Explorer
How It Works
Community
CoH3 Stats
Reddit
Sign in to upload your games and track your stats! →
Sign in with Steam
Match 46045115
Unlisted
Match 46045115
Overview
Messages
Build Orders
End
Construct Section Command Post
Vickers Machine Gun Team
Dingo Light Scout Car
Infantry Section
Infantry Section
Infantry Section
Construct Platoon Command Post
Selects Australian Defense Battlegroup
Selects Australian Light Infantry Section
Selects Defensive Tactics
6-pounder Anti-tank Gun Team
Selects Hold the Line!
Construct Company Command Post
Vickers Machine Gun Team
Hold the Line!
Selects CMP 15cwt Supply Run
Selects Reinforced Resource Caches
Matilda II Heavy Tank
Infantry Section
Selects Charged Creeping Barrage
Matilda II Heavy Tank
Royal Engineer Section
Grenade Package
Unlock Bishop Self-propelled Artillery
Charged Creeping Barrage
Vickers Machine Gun Team
Armored Vehicle Training
Bishop Self-propelled Artillery
12345+5
Eki
Joo Shiyoung
김치워리어
0
0
Comments
sign in to comment!
No comments posted yet!